 Dungeon Crawl Stone Soup version 0.21.1-1-g345015f (webtiles) character file.

4272 JeffiDaFish the Thaumaturge (level 10, -10/44 HPs)
             Began as a Spriggan Earth Elementalist on Mar 7, 2018.
             Was a Follower of Vehumet.
             Killed from afar by a lava snake (30 damage)
             ... with a glob of lava
             ... on level 8 of the Dungeon on Mar 14, 2018.
             The game lasted 00:29:34 (9715 turns).

JeffiDaFish the Thaumaturge (SpEE)                  Turns: 9715, Time: 00:29:35

Health: -10/44     AC:  4    Str: 10    XL:     10   Next: 10%
Magic:  21/26      EV: 18    Int: 19    God:    Vehumet [*.....]
Gold:   414        SH:  0    Dex: 18    Spells: 21/32 levels left

rFire    x . .     SeeInvis +   i - +3 dagger (venom)
rCold    + + .     Gourm    .   (shield restricted)
rNeg     . . .     Faith    .   q - +1 robe "Casaluid" {rElec rC+}
rPois    .         Spirit   .   (helmet restricted)
rElec    +         Reflect  .   l - +0 cloak (curse)
rCorr    .         Harm     .   (gloves unavailable)
MR       +....                  (boots unavailable)
Stlth    +++.......             (no amulet)
HPRegen  0.14/turn              k - +6 ring of strength
MPRegen  0.20/turn              n - ring of ice

@: very quick
A: very small, unfitting armour, see invisible, herbivore, speed 3, slow
metabolism 2
a: Renounce Religion


You were on level 8 of the Dungeon.
You worshipped Vehumet.
Vehumet was aware of your devotion.
You were very hungry.

You visited 2 branches of the dungeon, and saw 9 of its levels.

You collected 414 gold pieces.

Inventory:

Hand Weapons
 i - a +3 dagger of venom (weapon)
Missiles
 b - 218 stones (quivered)
Armour
 c - a +1 robe
 l - a cursed +0 cloak (worn)
 q - the +1 robe "Casaluid" (worn) {rElec rC+}
   (You found it on level 4 of the Dungeon)

   It protects you from cold.
   It insulates you from electricity.
Jewellery
 k - a +6 ring of strength (left hand)
 n - a ring of ice (right hand)
 r - an uncursed ring of positive energy
 s - an uncursed ring of flight
Wands
 x - a wand of disintegration (12)
Scrolls
 a - 10 scrolls of identify
 f - 6 scrolls of teleportation
 h - 4 scrolls of remove curse
 t - a scroll of fog
 v - a scroll of enchant armour
 y - a scroll of torment {unknown}
 A - 2 scrolls of fear
 B - a scroll of amnesia
Potions
 g - 2 potions of cancellation
 j - 2 potions of agility
 o - a potion of haste
 p - a potion of might
 u - a potion of curing
 w - a potion of invisibility
Books
 e - a book of Geomancy

   Spells                             Type                      Level
   a - Sandblast                      Earth                        1
   b - Passwall                       Transmutation/Earth          2
   c - Stone Arrow                    Conjuration/Earth            3
   d - Petrify                        Transmutation/Earth          4
   e - Lee's Rapid Deconstruction     Earth                        5
 m - a book of Maledictions

   Spells                             Type                      Level
   a - Corona                         Hexes                        1
   b - Ensorcelled Hibernation        Hexes/Ice                    2
   c - Confuse                        Hexes                        3
   d - Tukima's Dance                 Hexes                        3
   e - Dazzling Spray                 Conjuration/Hexes            3
 z - a book of Conjurations

   Spells                             Type                      Level
   a - Magic Dart                     Conjuration                  1
   b - Searing Ray                    Conjuration                  2
   c - Dazzling Spray                 Conjuration/Hexes            3
   d - Fulminant Prism                Conjuration/Hexes            4
   e - Force Lance                    Conjuration/Translocation    4
   f - Iskenderun's Mystic Blast      Conjuration                  4
Comestibles
 d - 20 rations


   Skills:
 - Level 3.0 Dodging
 + Level 5.0 Stealth
 * Level 11.7 Spellcasting
 + Level 4.9 Hexes
   Level 1.3 Transmutations
 * Level 9.4 Earth Magic


You had 21 spell levels left.
You knew the following spells:

 Your Spells              Type           Power        Failure   Level  Hunger
a - Sandblast             Erth           #####.       1%          1    None
b - Stone Arrow           Conj/Erth      ####..       2%          3    None
c - Lee's Rapid Deconstr  Erth           #####.....   3%          5    ####...
d - Ensorcelled Hibernat  Hex/Ice        ####..       3%          2    None


Dungeon Overview and Level Annotations

Branches:
Dungeon (8/15)             Temple (1/1) D:6
   Lair: D:8-11

Altars:
Ashenzari
Cheibriados
Dithmenos
Elyvilon
Gozag
Hepliaklqana
Nemelex Xobeh
Okawaru
Ru
Sif Muna
Trog
Uskayaw
Vehumet
Wu Jian
Xom
The Shining One

Shops:
D:4 :   D:5 %

Annotations:
D:4 AlmostDecent's ghost, amateur OgFi


Innate Abilities, Weirdness & Mutations

You are very small and have problems with some larger weapons.
You are too small for most types of armour.
You have supernaturally acute eyesight. (SInv)
You are a herbivore.
You cover ground extremely quickly.
You need consume almost no food.


Message History

Aiming: Sandblast
Press: ? - help, Shift-Dir - straight line, f/p - lava snake
Aim: a lava snake (black smoke, lava, catching its breath)
The blast of sand misses the lava snake.
b - 219 stones The lava snake spits lava at you.
The glob of lava hits you! The lava burns you terribly!
Ouch! That really hurt!
Casting: Sandblast
Confirm with . or Enter, or press ? or * to list all spells.
Aiming: Sandblast
Press: ? - help, Shift-Dir - straight line, f/p - lava snake
Aim: a lava snake (black smoke, lava, catching its breath)
The blast of sand hits the lava snake.
The lava snake is severely wounded.
b - 218 stones The lava snake spits lava at you.
The glob of lava hits you! The lava burns you terribly!
Ouch! That really hurt!
You die...

##....### ##....>.
#.......####.......
##[....#......###...
##.......##....# ####
#........####.##
#.........###.##
########.....###.#
§§≈≈§§≈#.....###.#
.§..§§@'......##.##
≈≈≈≈≈§S≈#......##..#
§§.§§§.§#.......#..##
.≈§§§§§≈#...........#
≈§§.§.§#........##..#
.≈§§.≈.
#........####... .
§≈.§. #........# ...
. ≈. #........# ..
#.......## ..


You could see a lava snake.

Vanquished Creatures
  Sigmund (D:4)
  A wyvern (D:8)
  A human (D:7)
  A hungry ghost (D:7)
  4 hogs (D:7)
  5 soldier ants (D:8)
  2 ice beasts
  2 black bears (D:7)
  2 ogres
  A gnoll sergeant (D:6)
  5 bullfrogs
  A scorpion (D:8)
  6 killer bees (D:8)
  4 howler monkeys
  3 crimson imps
  Crazy Yiuf (D:3)
  A bullfrog zombie (D:6)
  4 orc wizards
  4 orc priests
  3 hounds
  2 iguanas
  Jessica (D:2)
  12 worker ants
  Natasha (twice) (D:3)
  Robin (D:2)
  3 gnolls (D:6)
  2 river rats (D:4)
  14 adders
  An adder skeleton (D:4)
  4 worms
  3 dart slugs
  3 leopard geckos
  9 orcs
  A ball python (D:1)
  9 bats
  8 giant cockroaches
  16 goblins
  18 hobgoblins
  10 jackals
  2 quokkas
  A ball python skeleton (D:4)
  8 frilled lizards
  9 kobolds
  2 quokka zombies (D:5)
  9 rats
202 creatures vanquished.

Vanquished Creatures (others)
  A quokka (D:7)
1 creature vanquished.

Grand Total: 203 creatures vanquished

Notes
Turn   | Place    | Note
-------+----------+-------------------------------------------
     0 | D:1      | JeffiDaFish the Spriggan Earth Elementalist began the quest for the Orb.
     0 | D:1      | Reached XP level 1. HP: 9/9 MP: 5/5
    54 | D:1      | Reached skill level 3 in Spellcasting
   260 | D:1      | Reached XP level 2. HP: 13/13 MP: 4/7
   840 | D:1      | Reached XP level 3. HP: 6/16 MP: 2/9
  1308 | D:2      | Noticed Robin
  1402 | D:2      | Learned a level 3 spell: Stone Arrow
  1459 | D:2      | Killed Robin
  1459 | D:2      | Reached skill level 4 in Spellcasting
  1702 | D:2      | Reached XP level 4. HP: 20/21 MP: 7/11
  1748 | D:2      | Found a glowing golden altar of the Shining One.
  1886 | D:2      | Found a shadowy altar of Dithmenos.
  2221 | D:2      | Found a shimmering altar of Xom.
  2377 | D:2      | Noticed Jessica
  2381 | D:2      | Killed Jessica
  2436 | D:2      | Reached XP level 5. HP: 20/24 MP: 13/13
  2495 | D:3      | Reached skill level 5 in Spellcasting
  2618 | D:3      | HP: 1/24 [poisoned by a kobold]
  3168 | D:3      | Noticed Natasha
  3171 | D:3      | Killed Natasha
  3178 | D:3      | Learned a level 5 spell: Lee's Rapid Deconstruction
  3332 | D:3      | Found a runed door.
  3336 | D:3      | Noticed Crazy Yiuf
  3339 | D:3      | Killed Crazy Yiuf
  3339 | D:3      | Reached XP level 6. HP: 28/28 MP: 9/15
  3476 | D:4      | Noticed Sigmund
  3647 | D:4      | Killed Sigmund
  3647 | D:4      | Reached skill level 6 in Spellcasting
  3647 | D:4      | Reached skill level 5 in Earth Magic
  3697 | D:4      | Reached XP level 7. HP: 3/32 MP: 12/18
  3954 | D:4      | Found an ornate altar of the Wu Jian Council.
  4013 | D:4      | Found Yhin Qia's Book Shop.
  4022 | D:4      | Reached skill level 7 in Spellcasting
  4076 | D:4      | Noticed AlmostDecent's ghost (amateur OgFi)
  4580 | D:3      | Noticed Natasha
  4586 | D:3      | Killed Natasha
  4747 | D:4      | Identified the +1 robe "Casaluid" {rElec rC+} (You found it on level 4 of the Dungeon)
  5458 | D:5      | Entered Level 5 of the Dungeon
  5475 | D:5      | Identified the +8 falchion of the Ancient Wishes {speed, -Tele +Rage rN+} (You found it on level 5 of the Dungeon)
  5480 | D:5      | Found a sacrificial altar of Ru.
  5732 | D:5      | Reached skill level 8 in Spellcasting
  6065 | D:5      | Found Mafoid's Food Shoppe.
  6117 | D:5      | Found a sparkling altar of Nemelex Xobeh.
  6264 | D:6      | Found an iron altar of Okawaru.
  6420 | D:6      | Reached XP level 8. HP: 32/36 MP: 5/21
  6437 | D:6      | Found a hide-covered altar of Uskayaw.
  6470 | D:6      | Found an opulent altar of Gozag.
  6559 | D:6      | Found a staircase to the Ecumenical Temple.
  6569 | Temple   | Entered the Ecumenical Temple
  6578 | Temple   | Became a worshipper of Vehumet
  6834 | D:6      | Reached skill level 9 in Spellcasting
  7441 | D:7      | Found a white marble altar of Elyvilon.
  7501 | D:7      | Learned a level 2 spell: Ensorcelled Hibernation
  7520 | D:7      | Found a snail-covered altar of Cheibriados.
  7667 | D:7      | Reached skill level 1 in Hexes
  7698 | D:7      | Reached skill level 10 in Spellcasting
  7712 | D:7      | Reached XP level 9. HP: 14/39 MP: 4/24
  8175 | D:7      | Reached * piety under Vehumet
  8175 | D:7      | Offered knowledge of Sting by Vehumet.
  8281 | D:7      | Found a shattered altar of Ashenzari.
  8618 | D:8      | Reached skill level 11 in Spellcasting
  9259 | D:8      | Noticed a queen ant
  9268 | D:8      | Reached XP level 10. HP: 44/44 MP: 7/26
  9377 | D:8      | Reached skill level 5 in Stealth
  9715 | D:8      | Killed from afar by a lava snake

Skill      XL: |  1  2  3  4  5  6  7  8  9 10 |
---------------+-------------------------------+-----
Spellcasting   | 3 4 5 6 8 10 11 | 11.7
Earth Magic    | 3 4 5 6 8 9 |  9.4
Hexes          | 2 4 |  4.9
Stealth        | 4 5 |  5.0
Dodging        | |  3.0
Transmutations | |  1.3

Action                   |  1- 3 |  4- 6 |  7- 9 | 10-12 || total
-------------------------+-------+-------+-------+-------++-------
Melee: Dagger            |    16 |    97 |   192 |     5 ||   310
       Unarmed           |     4 |       |       |       ||     4
 Cast: Sandblast         |    50 |    23 |    47 |     3 ||   123
       Stone Arrow       |     3 |     1 |    44 |     2 ||    50
       Lee's Rapid Decon |       |       |    18 |     3 ||    21
       Ensorcelled Hiber |       |       |    17 |     3 ||    20
  Use: Scroll            |     5 |     3 |     8 |     1 ||    17
       Potion            |     3 |     4 |     4 |     1 ||    12
 Stab: Sleeping          |     2 |    12 |    17 |     3 ||    34
       Distracted        |       |     1 |       |       ||     1
  Eat: Ration            |       |       |     5 |       ||     5
Armor: Robe              |     3 |     7 |    30 |       ||    40
Dodge: Dodged            |    20 |    90 |   179 |    11 ||   300
